[Event "Titled Tuesday Blitz June 07 Late 2022"]
[White "Martinez Alcantara, Jose Eduardo"]
[Black "Moussard, Jules"]
[WhiteFideId "3805662"]
[BlackFideId "642908"]
[WhiteElo "2703"]
[BlackElo "2589"]
[Result "1/2-1/2"]
[Round "09"]
[TimeControl "180+1"]
[Date "2022.06.07"]
[WhiteClock "0:00:03"]
[BlackClock "0:00:04"]

1. e4 e5 2. Nf3 d6 3. d4 exd4 4. Nxd4 Nf6 5. Nc3 Be7 6. g3 O-O 7. Bg2 Re8 8. O-O Bf8 9. h3 Nc6 10. Nde2 Rb8 11. g4 b5 12. Ng3 b4 13. Nce2 Ba6 14. Re1 g6 15. a3 bxa3 16. Rxa3 Bb7 17. Re3 Bg7 18. b3 Nd7 19. Bd2 Nc5 20. Bc3 Bxc3 21. Rxc3 Nb4 22. Re3 Qf6 23. c3 Nc6 24. b4 Nd7 25. f4 Nb6 26. Qd3 a5 27. e5 dxe5 28. Ne4 Qd8 29. b5 exf4 30. bxc6 Bxc6 31. Nxf4 Qxd3 32. Nxd3 Kg7 33. g5 Nc4 34. R3e2 h6 35. h4 hxg5 36. hxg5 Rb5 37. Nec5 Rxe2 38. Rxe2 Bxg2 39. Kxg2 a4 40. Nxa4 Rxg5+ 41. Kf2 Nd6 42. Nac5 Rg4 43. Re7 Rc4 44. Rxc7 Rxc3 45. Kf3 Nb5 46. Rc8 Ra3 47. Rd8 Kf6 48. Ke3 Nc7 49. Rd6+ Ne6 50. Ne4+ Ke7 51. Rd5 g5 52. Re5 f6 53. Rb5 Kf7 54. Rb6 Nf4 55. Rb7+ Kg6 56. Nc5 Nd5+ 57. Kd4 Nf4 58. Nxf4+ gxf4 59. Ke4 f3 60. Rb2 Kg5 61. Ne6+ Kg4 62. Nd4 Ra4 63. Ke3 f5 64. Rd2 Ra1 65. Kf2 Ra3 66. Nc6 Rc3 67. Ne5+ Kf4 68. Ng6+ Kg5 69. Ne7 Kg4 70. Ng6 Kg5 71. Ne7 Kg4 72. Nd5 Ra3 73. Rd4+ Kg5 74. Nf4 Ra2+ 75. Kg3 f2 76. Nh3+ Kf6 77. Nxf2 Ke5 78. Rb4 Ra3+ 79. Kg2 f4 80. Nh3 Rg3+ 81. Kh2 Rg4 82. Ng1 Rh4+ 83. Kg2 Rg4+ 84. Kf2 Rg3 85. Nf3+ Kf5 86. Ra4 Rg8 87. Nd4+ Ke4 88. Ne2+ Kd3 89. Nxf4+ Kc3 90. Nd5+ Kb3 91. Rf4 Rd8 92. Ne3 Rd2+ 93. Ke1 Rh2 94. Rd4 Kc3 95. Rd8 Kb3 96. Rc8 Kb4 97. Ng4 Rg2 98. Nf2 Rh2 99. Kf1 Rh7 100. Ke2 Re7+ 101. Kd2 Rf7 102. Ne4 Rd7+ 103. Ke3 Re7 104. Kd4 Rd7+ 105. Ke5 Rd1 106. Rb8+ Kc4 107. Rb7 Re1 108. Rc7+ Kd3 109. Rc3+ Ke2 110. Ra3 Rc1 111. Kf4 Rc8 112. Re3+ Kd1 113. Rh3 Re8 114. Rh2 Kc1 115. Ke3 Kb1 116. Kd4 Rd8+ 117. Kc3 Rc8+ 118. Kd3 Rd8+ 119. Kc4 Rc8+ 120. Nc5 Kc1 121. Kd4 Rd8+ 122. Kc3 Kd1 123. Nd3 Rc8+ 124. Kd4 Rd8+ 125. Ke4 Re8+ 126. Ne5 Kc1 127. Re2 Kb1 128. Kd3 Rd8+ 129. Kc3 Rh8 130. Rf2 Rh3+ 131. Nd3 Ka1 132. Rg2 Rf3 133. Rh2 Kb1 134. Rd2 Ka1 135. Kb3 Rf1 136. Rc2 Rb1+ 137. Ka3 Rb8 138. Rc1+ Rb1 139. Rc2 1/2-1/2


[Site "https://www.chess.com"]

[Event "Titled Tuesday Blitz June 07 Late 2022"]
[White "Moroni, Luca Jr"]
[Black "Paravyan, David"]
[WhiteFideId "865834"]
[BlackFideId "4194985"]
[WhiteElo "2573"]
[BlackElo "2569"]
[Result "1/2-1/2"]
[Round "09"]
[TimeControl "180+1"]
[Date "2022.06.07"]
[WhiteClock "0:00:12"]
[BlackClock "0:00:12"]

1. c4 Nf6 2. Nc3 d5 3. cxd5 Nxd5 4. e4 Nb4 5. Bc4 Nd3+ 6. Ke2 Nf4+ 7. Kf1 Be6 8. Bxe6 Nxe6 9. d3 Nc6 10. Nf3 Ned4 11. Nxd4 Nxd4 12. Be3 c6 13. Qa4 e5 14. Bxd4 exd4 15. Ne2 Bc5 16. g3 O-O 17. Kg2 Bb6 18. f4 Kh8 19. h4 f5 20. e5 Qd5+ 21. Kf2 Rad8 22. Rac1 h5 23. Qc4 Kg8 24. Ng1 Qxc4 25. Rxc4 Rd5 26. Nf3 Ra5 27. a4 Rd8 28. Re1 Kf7 29. Re2 Ke7 30. Nd2 Rc5 31. b4 Rcd5 32. a5 Bc7 33. a6 Rb8 34. axb7 Kd7 35. Nb3 Bb6 36. e6+ Ke7 37. Rxc6 Rxb7 38. Nc5 Rc7 39. Rxc7+ Bxc7 40. Ra2 Bb6 41. Ra6 g6 42. Na4 Rb5 43. Nxb6 axb6 44. Ra4 Kxe6 45. Kf3 Kd6 46. Ke2 Kc6 47. Kd2 Rd5 48. Ra8 Kb5 49. Kc2 Kxb4 50. Kb2 Rd6 51. Re8 b5 52. Re5 Ka4 53. Re8 Kb4 54. Re5 Ka5 55. Re8 Kb6 56. Kb3 Rc6 57. Kb4 Rc3 58. Re6+ Rc6 59. Re5 Rc1 60. Re6+ Rc6 61. Re5 Rc2 62. Re6+ Kc7 63. Rxg6 Rc3 64. Kxb5 Kd7 65. Rg5 Rxd3 66. Kc4 Ra3 67. Kxd4 Ke6 68. Rg6+ Kf7 69. Rg5 Kf6 70. Kc4 Re3 71. Kd5 Rd3+ 72. Kc4 Ra3 73. Kd4 Rb3 74. Rxh5 Rxg3 75. Rh6+ Kg7 76. Ra6 Rg4 77. Ke5 Rxh4 78. Ra7+ Kg6 79. Ra6+ Kg7 80. Kxf5 Rh5+ 81. Kg4 Rd5 82. Rc6 Ra5 83. Kf3 Kf7 84. Ke4 Rb5 85. Rd6 Ra5 86. Rd7+ Ke6 87. Rd4 Kf6 88. Rb4 Rc5 89. Rb6+ Ke7 90. Kf3 Kf7 91. Kg4 Kg7 92. Rb7+ Kf6 93. Ra7 Kg6 94. Ra6+ Kf7 95. f5 Rc1 96. Ra7+ Kf6 97. Ra6+ Kf7 98. Ra7+ Kf6 99. Ra6+ Ke7 100. Ra7+ Kf8 101. Kg5 Rc6 102. Ra8+ Kf7 103. Ra7+ Kf8 104. Ra5 Kg7 105. Ra4 Kf7 106. Rh4 Kg8 107. Rh6 Rxh6 108. Kxh6 Kf7 109. Kg5 Kg7 110. f6+ Kf7 111. Kf5 Kf8 112. Ke6 Ke8 113. Ke5 Kf7 114. Kf5 Kf8 115. Kg6 Kg8 116. f7+ Kf8 117. Kf6 1/2-1/2


[Site "https://www.chess.com"]

[Event "Titled Tuesday Blitz June 07 Late 2022"]
[White "Nakamura, Hikaru"]
[Black "Jobava, Baadur"]
[WhiteFideId "2016192"]
[BlackFideId "13601520"]
[WhiteElo "2850"]
[BlackElo "2617"]
[Result "1-0"]
[Round "09"]
[TimeControl "180+1"]
[Date "2022.06.07"]
[WhiteClock "0:00:16"]
[BlackClock "0:00:09"]

1. e4 c6 2. Nc3 d5 3. Nf3 Bg4 4. h3 Bxf3 5. Qxf3 e6 6. g3 g6 7. Bg2 Bg7 8. Qe2 Ne7 9. O-O O-O 10. Rd1 a5 11. d4 a4 12. Bg5 Re8 13. b3 axb3 14. cxb3 Nd7 15. Rac1 h6 16. Be3 Kh7 17. Qc2 dxe4 18. Nxe4 Nf5 19. a4 Qb6 20. Qc3 Red8 21. g4 Nxe3 22. fxe3 Qc7 23. Qc4 Nb6 24. Qe2 Nd5 25. Rd3 e5 26. dxe5 Qxe5 27. Qf2 Rf8 28. Nc5 Rad8 29. Nxb7 Rde8 30. Nc5 Re7 31. Be4 Rfe8 32. a5 Qg5 33. Bxd5 cxd5 34. Qf4 Qh4 35. Kg2 d4 36. e4 Be5 37. Qf3 Rb8 38. a6 Rc7 39. Rc4 Qe7 40. b4 Kg7 41. Rd2 h5 42. Rdc2 hxg4 43. Qxg4 Ra7 44. Rf2 d3 45. Rd2 Bd6 46. Nxd3 Rxa6 47. Rf2 Ra3 48. Rd4 Be5 49. Rd7 Qe8 50. Rfxf7+ Kg8 51. Qxg6+ 1-0


[Site "https://www.chess.com"]

[Event "Titled Tuesday Blitz June 07 Late 2022"]
[White "Ozdemir, Serhan Berat"]
[Black "Bjelobrk, Igor"]
[WhiteFideId "6374611"]
[BlackFideId "4300726"]
[WhiteElo "1920"]
[BlackElo "2335"]
[Result "0-1"]
[Round "09"]
[TimeControl "180+1"]
[Date "2022.06.07"]
[WhiteClock "0:00:01"]
[BlackClock "0:01:04"]

1. e4 e5 2. Nf3 Nc6 3. Bc4 Bc5 4. c3 Nf6 5. d3 d6 6. h3 a5 7. Nbd2 O-O 8. Qe2 Re8 9. a4 d5 10. Bb3 h6 11. g4 dxe4 12. dxe4 Be6 13. Bxe6 Rxe6 14. Nf1 Ne7 15. g5 hxg5 16. Bxg5 Ng6 17. Rd1 Qe8 18. Qc4 Rc6 19. Qe2 Nh5 20. Rg1 Nhf4 21. Qc2 Nxh3 22. Rg3 Bxf2+ 23. Ke2 Bxg3 24. Nxg3 Ngf4+ 25. Ke3 f6 26. Qb3+ Qe6 27. Qxb7 Re8 28. Bh4 Rd6 29. Rxd6 Qxd6 30. Qb3+ Kh7 31. Qc2 Rd8 32. Ne1 g5 33. Nf5 Qb6+ 34. Kf3 gxh4 35. Nd3 Rxd3+ 0-1


[Site "https://www.chess.com"]

[Event "Titled Tuesday Blitz June 07 Late 2022"]
[White "Pinheiro, Iung Alicio de O."]
[Black "Vajda, Levente"]
[WhiteFideId "2104350"]
[BlackFideId "1203975"]
[WhiteElo "2283"]
[BlackElo "2573"]
[Result "0-1"]
[Round "09"]
[TimeControl "180+1"]
[Date "2022.06.07"]
[WhiteClock "0:00:02"]
[BlackClock "0:00:54"]

1. c4 Nf6 2. g3 g6 3. Bg2 Bg7 4. Nc3 O-O 5. d3 d6 6. Bg5 h6 7. Bd2 Kh7 8. Qc1 c6 9. h4 e5 10. h5 g5 11. Nf3 Nbd7 12. Bxg5 Nc5 13. Bd2 Ne6 14. Nh4 Nc7 15. Qc2 d5 16. e3 d4 17. exd4 exd4 18. Ne4 Ng4 19. c5 Nd5 20. Nd6 Be6 21. Be4+ Kh8 22. Ndf5 Qf6 23. Rf1 Rfe8 24. O-O-O b6 25. Nd6 Red8 26. Ndf5 Rab8 27. Nxg7 Kxg7 28. Kb1 bxc5 29. Ka1 Rb5 30. Rde1 Rdb8 31. Rb1 a5 32. Rbe1 Rxb2 33. Qxb2 Rxb2 34. Kxb2 c4 35. dxc4 d3+ 36. Kb1 Nc3+ 37. Bxc3 Qxc3 38. Nf5+ Bxf5 39. Bxf5 Qc2+ 40. Ka1 Qc3+ 41. Kb1 Nxf2 42. Rc1 Qb4+ 43. Ka1 d2 0-1


[Site "https://www.chess.com"]

[Event "Titled Tuesday Blitz June 07 Late 2022"]
[White "Rohl Montes, Juan Armando"]
[Black "Silva, Miguel Antonio Neto"]
[WhiteFideId "3900487"]
[BlackFideId "1911929"]
[WhiteElo "2359"]
[BlackElo "2204"]
[Result "1/2-1/2"]
[Round "09"]
[TimeControl "180+1"]
[Date "2022.06.07"]
[WhiteClock "0:02:15"]
[BlackClock "0:01:43"]

1. e4 c5 2. c3 d5 3. exd5 Qxd5 4. d4 Nc6 5. Nf3 Bf5 6. Be3 cxd4 7. Nxd4 Nxd4 8. Qxd4 Qxd4 9. Bxd4 a6 10. Nd2 e6 11. Be2 Ne7 12. Bf3 Nc6 13. Bxc6+ bxc6 14. Nc4 c5 15. Be5 Rd8 16. Bc7 Rd7 17. Bg3 f6 18. Rd1 Be7 19. Nd6+ Bxd6 20. Rxd6 Rxd6 21. Bxd6 c4 1/2-1/2


[Site "https://www.chess.com"]

[Event "Titled Tuesday Blitz June 07 Late 2022"]
[White "Romanchuk, Viktor"]
[Black "Makaraci, Tunahan"]
[WhiteFideId "14109271"]
[BlackFideId "6356559"]
[WhiteElo "2242"]
[BlackElo "1883"]
[Result "1-0"]
[Round "09"]
[TimeControl "180+1"]
[Date "2022.06.07"]
[WhiteClock "0:00:48"]
[BlackClock "0:00:42"]

1. d4 Nf6 2. c4 c5 3. d5 b5 4. cxb5 e6 5. Nc3 exd5 6. Nxd5 Bb7 7. Nxf6+ Qxf6 8. Nf3 d5 9. g3 Bd6 10. Bg2 O-O 11. O-O Nd7 12. Rb1 a6 13. bxa6 Rxa6 14. a3 Re8 15. b4 c4 16. Bb2 c3 17. Bc1 Qg6 18. Qd3 Rxe2 19. Qxg6 hxg6 20. Nd4 Ra2 21. Rb3 Be5 22. Rd1 Ra1 23. Rxc3 Nb6 24. Rcd3 Nc4 25. Nb3 Rb1 26. Nc5 Rb6 27. Nxb7 Rxb7 28. Bxd5 Rc7 29. Bxc4 Rxc4 30. Be3 Rxd1+ 31. Rxd1 Rc3 32. a4 Ra3 33. a5 Ra4 34. Bd2 Bd6 35. Rb1 Kf8 36. b5 1-0


[Site "https://www.chess.com"]

[Event "Titled Tuesday Blitz June 07 Late 2022"]
[White "Rustemov, Alexander"]
[Black "Bortnyk, Olexandr"]
[WhiteFideId "4119002"]
[BlackFideId "14120828"]
[WhiteElo "2774"]
[BlackElo "2723"]
[Result "0-1"]
[Round "09"]
[TimeControl "180+1"]
[Date "2022.06.07"]
[WhiteClock "0:00:22"]
[BlackClock "0:00:03"]

1. d4 d6 2. c4 e5 3. Nf3 e4 4. Ng5 f5 5. g3 Be7 6. Nh3 Nf6 7. Bg2 O-O 8. Nc3 c6 9. d5 Nbd7 10. O-O Ne5 11. b3 Qa5 12. Bd2 Qa6 13. f3 cxd5 14. cxd5 Qb6+ 15. Kh1 e3 16. Bc1 Bd7 17. Nf4 Rac8 18. Na4 Bxa4 19. bxa4 Rc3 20. Ne6 Rfc8 21. f4 Neg4 22. Qd4 Qa6 23. Bf3 Nf2+ 24. Kg2 R8c4 25. Bxe3 Rxd4 26. Bxd4 N2e4 27. Bxc3 Nxc3 28. Rac1 Nfxd5 29. Kh1 Qxa4 30. Nc7 Nxc7 31. Rxc3 Ne6 32. Bd5 Kf8 33. Rc8+ Kf7 34. e4 Kf6 35. Re1 Nc5 36. exf5 Qd4 37. Bf3 Qf2 0-1


[Site "https://www.chess.com"]

[Event "Titled Tuesday Blitz June 07 Late 2022"]
[White "Rychagov, Andrey"]
[Black "Zhurbinsky, David"]
[WhiteFideId "4119932"]
[BlackFideId "2072904"]
[WhiteElo "2460"]
[BlackElo "2566"]
[Result "1-0"]
[Round "09"]
[TimeControl "180+1"]
[Date "2022.06.07"]
[WhiteClock "0:00:15"]
[BlackClock "0:00:07"]

1. d4 Nf6 2. c4 e6 3. Nf3 Bb4+ 4. Bd2 Qe7 5. e3 O-O 6. Nc3 d6 7. a3 Bxc3 8. Bxc3 Nbd7 9. Be2 a5 10. O-O b6 11. b4 axb4 12. axb4 Bb7 13. Qb3 Ne4 14. Bb2 Kh8 15. Rfd1 f5 16. d5 e5 17. Ne1 Qh4 18. g3 Qh6 19. f3 Ng5 20. h4 Nf7 21. f4 exf4 22. exf4 Rae8 23. Bf3 Qg6 24. Kg2 Nh6 25. Rd2 Ng4 26. Bxg4 Qxg4 27. Qf3 Qg6 28. Nc2 Re4 29. Nd4 Rfe8 30. Ra7 Re3 31. Qf2 Nf6 32. Rxb7 Ng4 33. Qg1 Nf6 34. Kh2 Ng4+ 35. Kh1 Nf6 36. Rg2 Nh5 37. Ne6 Nf6 38. Qxe3 Ng4 39. Qe2 Qh5 40. Nxg7 Kg8 41. Qxe8+ Qxe8 42. Nxe8 Ne3 43. Nf6+ Kf7 44. Re2 Kg6 45. Rxe3 b5 46. h5+ Kh6 47. Rxc7 bxc4 48. Rxh7# 1-0


[Site "https://www.chess.com"]

[Event "Titled Tuesday Blitz June 07 Late 2022"]
[White "Svane, Frederik"]
[Black "Xiong, Jeffery"]
[WhiteFideId "12923044"]
[BlackFideId "2047640"]
[WhiteElo "2459"]
[BlackElo "2714"]
[Result "1-0"]
[Round "09"]
[TimeControl "180+1"]
[Date "2022.06.07"]
[WhiteClock "0:00:18"]
[BlackClock "0:00:03"]

1. e4 c5 2. Nf3 d6 3. Bb5+ Nd7 4. a4 a6 5. Be2 b6 6. Nc3 Bb7 7. d4 cxd4 8. Qxd4 Ngf6 9. O-O g6 10. e5 dxe5 11. Nxe5 Nxe5 12. Qxe5 Bg7 13. Be3 O-O 14. Rfd1 Qc8 15. Qxe7 Re8 16. Qb4 Nd7 17. Bg4 f5 18. Be2 Kh8 19. Qd6 Ne5 20. Qxb6 Rb8 21. Qc5 Qe6 22. Rd6 Qf7 23. Rad1 f4 24. Bd4 f3 25. Bxa6 Bxa6 26. Rxa6 fxg2 27. Bxe5 Bxe5 28. Qd5 Qf4 29. Qxg2 Rxb2 30. Nd5 Qc4 31. Ra7 Qxc2 32. Qf3 Rb3 33. Ne3 Rxe3 34. fxe3 Bxh2+ 35. Kf1 Qc4+ 36. Kg2 Qc2+ 37. Qf2 Qb3 38. Qf6+ 1-0


[Site "https://www.chess.com"]

[Event "Titled Tuesday Blitz June 07 Late 2022"]
[White "Tanenbaum, Zachary"]
[Black "Ibarra Jerez, Jose Carlos"]
[WhiteFideId "2060850"]
[BlackFideId "2226332"]
[WhiteElo "2175"]
[BlackElo "2628"]
[Result "0-1"]
[Round "09"]
[TimeControl "180+1"]
[Date "2022.06.07"]
[WhiteClock "0:00:03"]
[BlackClock "0:00:04"]

1. e4 c5 2. Nf3 e6 3. d4 cxd4 4. Nxd4 Bc5 5. Nc3 Qb6 6. Na4 Qa5+ 7. c3 Bxd4 8. Qxd4 Nf6 9. Nc5 Nc6 10. Qd6 b6 11. b4 Nxb4 12. Nb3 Nc2+ 13. Kd1 Qxc3 14. Bd2 Qb2 15. Bc1 Qc3 16. Bd2 Qc6 17. Qxc6 dxc6 18. Kxc2 Nxe4 19. Be3 c5 20. Be2 Bb7 21. Bf3 O-O-O 22. Rad1 f5 23. Rhe1 h6 24. Nd2 Nf6 25. Bxb7+ Kxb7 26. Nc4 Nd5 27. Ne5 Rhe8 28. g3 Nb4+ 29. Kb3 Rd5 30. Bf4 g5 31. Nf7 Kc6 32. Ne5+ Kb7 33. Nf7 Kc6 34. Ne5+ Kb5 35. a4+ Ka6 36. Bc1 Red8 37. Rxd5 exd5 38. Nf7 Rf8 39. Nxh6 f4 40. gxf4 gxf4 41. h4 Nc6 42. h5 Nd4+ 43. Kc3 Nf3 44. Re6 Ng5 45. Rg6 Ne4+ 46. Kc2 Nxf2 47. Ng4 Nxg4 48. Rxg4 f3 49. Rg1 f2 50. Rf1 Rf3 51. h6 Ka5 52. Kd2 Kxa4 53. Ke2 Rh3 54. Rxf2 d4 55. Rf7 a5 56. h7 Kb3 57. Bg5 Kc2 58. Bf6 d3+ 59. Kf2 d2 60. Rd7 d1=Q 61. Rxd1 Kxd1 62. h8=Q Rxh8 63. Bxh8 Kc2 64. Ke3 c4 65. Bd4 b5 66. Bb6 a4 67. Bc5 Kb3 68. Kd4 a3 69. Ke3 c3 70. Bd4 a2 71. Kd3 b4 0-1


[Site "https://www.chess.com"]

[Event "Titled Tuesday Blitz June 07 Late 2022"]
[White "Terry, Renato"]
[Black "Tahbaz, Arash"]
[WhiteFideId "3803457"]
[BlackFideId "12528846"]
[WhiteElo "2577"]
[BlackElo "2389"]
[Result "1/2-1/2"]
[Round "09"]
[TimeControl "180+1"]
[Date "2022.06.07"]
[WhiteClock "0:00:12"]
[BlackClock "0:00:23"]

1. d4 Nf6 2. Nf3 g6 3. Bg5 Bg7 4. c3 O-O 5. Nbd2 d5 6. e3 b6 7. Be2 c5 8. O-O Bb7 9. Ne5 Nc6 10. f4 Qc7 11. Bh4 Ne8 12. Ndf3 Nd6 13. Bd3 f6 14. Nxc6 Bxc6 15. Bg3 Bd7 16. Nh4 c4 17. Bc2 Qc8 18. h3 Nf5 19. Nxf5 Bxf5 20. Re1 Bxc2 21. Qxc2 f5 22. Bh4 Qe6 23. b4 Bf6 24. Bxf6 exf6 25. a4 a6 26. Re2 Rfe8 27. Rae1 Qd7 28. g3 a5 29. b5 Re4 30. Kf2 Qd6 31. Rg1 Rae8 32. Qd2 Qa3 33. Qc2 Kf7 34. Rf1 Qd6 35. Rg1 Qe6 36. Qd2 Qe7 37. Rge1 g5 38. Rg1 Kg6 39. Rg2 h6 40. Rg1 Kh7 41. Rg2 Qa3 42. Qc2 Qf8 43. Qd2 Qf7 44. Re1 Qh5 45. Rh2 gxf4 46. gxf4 Qh4+ 47. Kf1 Qg3 48. Qf2 Rg8 49. Qxg3 Rxg3 50. Kf2 Rg8 51. Rg2 Rxg2+ 52. Kxg2 Kg6 53. Kf3 Kf7 54. Rg1 Re8 55. h4 h5 56. Rg3 Rd8 57. Rg2 Re8 58. Rg1 Rc8 59. Rg2 Rh8 60. Rg3 Ra8 61. Rg1 Rf8 62. Kf2 Re8 63. Rg2 Rf8 64. Rg3 Rh8 65. Rg1 Rg8 66. Rxg8 Kxg8 67. Kg3 Kf7 68. Kg2 Ke6 69. Kf2 Kd6 70. Ke2 Kd7 71. Kf3 Kc7 72. Kf2 Kd8 73. Kg2 Kc8 74. Kg3 Kb7 75. Kf2 Ka7 76. Kf3 Ka8 77. Kg2 Kb8 78. Kg3 Kc8 79. Kf2 Kd8 80. Ke2 Ke8 81. Kf2 1/2-1/2


[Site "https://www.chess.com"]

[Event "Titled Tuesday Blitz June 07 Late 2022"]
[White "Urazayev, Arystanbek"]
[Black "Souleidis, Georgios"]
[WhiteFideId "13709810"]
[BlackFideId "4206827"]
[WhiteElo "2422"]
[BlackElo "2401"]
[Result "1-0"]
[Round "09"]
[TimeControl "180+1"]
[Date "2022.06.07"]
[WhiteClock "0:00:14"]
[BlackClock "0:00:03"]

1. d4 Nf6 2. c4 g6 3. Nc3 Bg7 4. e4 d6 5. Be2 O-O 6. Be3 e5 7. d5 Na6 8. h4 Nc5 9. Qb1 a5 10. h5 Ng4 11. Bxg4 Bxg4 12. f3 Bd7 13. h6 Bf6 14. g4 Bg5 15. Bf2 f5 16. gxf5 gxf5 17. Qc2 fxe4 18. Bxc5 dxc5 19. Nxe4 Bf5 20. Qg2 Bxe4 21. fxe4 Kh8 22. Nf3 Rg8 23. Nxg5 Rxg5 24. Qf2 Qe7 25. O-O-O Rf8 26. Qe3 Rg6 27. Rdf1 b6 28. a3 Rgf6 29. Rxf6 Qxf6 30. Kb1 Qf4 31. Qe1 Rf6 32. Rh4 Qg5 33. Qh1 Rf4 34. Rh5 Qf6 35. Ka2 a4 36. Qg2 Rf2 37. Qg5 Qxg5 38. Rxg5 Rf6 39. Rxe5 Rxh6 40. Re7 Rh4 41. e5 Rxc4 42. Rxc7 Re4 43. e6 Kg8 44. Re7 Kf8 45. d6 h5 46. Rf7+ Ke8 47. d7+ Kd8 48. Rf8+ Kc7 49. d8=Q+ 1-0


[Site "https://www.chess.com"]

[Event "Titled Tuesday Blitz June 07 Late 2022"]
[White "Uskov, Artem"]
[Black "Large, Peter G"]
[WhiteFideId "34254854"]
[BlackFideId "400866"]
[WhiteElo "2335"]
[BlackElo "2064"]
[Result "1-0"]
[Round "09"]
[TimeControl "180+1"]
[Date "2022.06.07"]
[WhiteClock "0:00:06"]
[BlackClock "0:00:02"]

1. e4 e6 2. d4 d5 3. Nc3 Bb4 4. a3 Bxc3+ 5. bxc3 Ne7 6. Qg4 O-O 7. e5 f5 8. exf6 Rxf6 9. Bg5 Rf7 10. Bd3 Qf8 11. Qh4 h6 12. Bxe7 Qxe7 13. Qg3 c5 14. Nf3 c4 15. Bg6 Rf6 16. O-O Nd7 17. h4 Nf8 18. h5 Bd7 19. Rfe1 Nxg6 20. hxg6 Raf8 21. Re5 Be8 22. Nh4 Rxf2 23. Rae1 R2f4 24. Nf3 R4f6 25. Nh4 Rf4 26. Rh5 Qf6 27. Kh2 Rxh4+ 28. Rxh4 Bxg6 29. Re3 Bxc2 30. Rf3 Bf5 31. Qf2 Qg5 32. g4 Kh7 33. gxf5 Rxf5 34. Rxf5 exf5 35. Rf4 g6 36. Qg3 Qe7 37. Rf2 Qe4 38. Qf3 Qh4+ 39. Kg2 Qg5+ 40. Qg3 Qc1 41. Re2 h5 42. Qc7+ Kh6 43. Qe5 Qxc3 44. Qh8+ Kg5 45. Qd8+ Kg4 46. Rf2 Qg3+ 47. Kf1 Qd3+ 48. Kg1 Qd1+ 49. Kh2 Qxd4 50. Rg2+ Kf3 51. Qg5 f4 52. Qxg6 Qe4 53. Qxh5+ Ke3 54. Re2+ Kd3 55. Rxe4 dxe4 56. Qd1+ Ke3 57. Kg2 f3+ 58. Kg3 c3 59. Qe1+ Kd3 60. Kf2 c2 61. Qe3+ Kc4 62. Qxe4+ Kc3 63. Qxf3+ Kb2 64. Qxb7+ Kxa3 65. Qc6 Kb2 66. Qb5+ Kc3 67. Qc5+ Kb2 68. Qb4+ Ka2 69. Qc3 Kb1 70. Qb3+ Kc1 71. Ke2 a5 72. Kd3 a4 73. Qxc2# 1-0


[Site "https://www.chess.com"]

[Event "Titled Tuesday Blitz June 07 Late 2022"]
[White "Wachinger, Guenther"]
[Black "De Souza, Regis Gabetta"]
[WhiteFideId "4604261"]
[BlackFideId "22756930"]
[WhiteElo "2212"]
[BlackElo "1926"]
[Result "1/2-1/2"]
[Round "09"]
[TimeControl "180+1"]
[Date "2022.06.07"]
[WhiteClock "0:00:07"]
[BlackClock "0:00:17"]

1. e4 e5 2. Nf3 Nc6 3. Nc3 Nf6 4. a3 Be7 5. d4 exd4 6. Nxd4 O-O 7. Nxc6 dxc6 8. Bd3 Bc5 9. O-O a6 10. h3 h6 11. Qf3 Qe7 12. Bf4 Bd4 13. e5 Bxc3 14. bxc3 Nd5 15. Qe4 f5 16. Qf3 Be6 17. c4 Nb6 18. Qe2 Qf7 19. Rfb1 Rab8 20. c5 Na4 21. Qe3 Nc3 22. Re1 Nd5 23. Qg3 g5 24. Bd2 f4 25. Qf3 Bf5 26. e6 Qg6 27. Bc4 Ne7 28. Bc3 Bxc2 29. Qe2 Kh7 30. Qe5 Rf5 31. Qxc7 Re8 32. Bd4 f3 33. g4 Rff8 34. Be5 h5 35. Bd6 Qg7 36. Rac1 Bg6 37. Be5 Qh6 38. Bd6 Qg7 39. Be5 Qh6 40. Bd6 Qg7 1/2-1/2


[Site "https://www.chess.com"]

[Event "Titled Tuesday Blitz June 07 Late 2022"]
[White "Wieczorek, Oskar"]
[Black "Hansen, Eric"]
[WhiteFideId "1133950"]
[BlackFideId "2606771"]
[WhiteElo "2330"]
[BlackElo "2568"]
[Result "0-1"]
[Round "09"]
[TimeControl "180+1"]
[Date "2022.06.07"]
[WhiteClock "0:02:48"]
[BlackClock "0:02:49"]

1. e4 c5 2. Nf3 e6 3. g3 Nc6 4. Bg2 e5 5. O-O Nf6 6. Re1 Be7 7. c3 d6 8. d4 cxd4 9. cxd4 Bg4 10. d5 Nd4 11. Qa4+ b5 12. Qa3 Nc2 0-1


[Site "https://www.chess.com"]

[Event "Titled Tuesday Blitz June 07 Late 2022"]
[White "Yuan, Qingyu"]
[Black "Larino Nieto, David"]
[WhiteFideId "8609772"]
[BlackFideId "2256444"]
[WhiteElo "2359"]
[BlackElo "2532"]
[Result "1-0"]
[Round "09"]
[TimeControl "180+1"]
[Date "2022.06.07"]
[WhiteClock "0:00:18"]
[BlackClock "0:00:20"]

1. e4 d5 2. exd5 Qxd5 3. Nc3 Qa5 4. d4 Nf6 5. Nf3 Nc6 6. Bd2 a6 7. a4 Qh5 8. Ne2 Qf5 9. Ng3 Qd7 10. Bc4 e6 11. c3 Bd6 12. O-O b6 13. Qe2 O-O 14. Rad1 Bb7 15. Ne5 Bxe5 16. dxe5 Nd5 17. Bg5 h6 18. Bxh6 gxh6 19. Nh5 Qe7 20. Bxd5 exd5 21. Nf6+ Kh8 22. Qc2 Qxf6 23. exf6 Rg8 24. Rfe1 Rg6 25. Qf5 Rag8 26. g3 d4 27. cxd4 Nb4 28. Re7 Bd5 29. Rxc7 Rg5 30. Qf4 Be6 31. Rb7 Nd5 32. Qd6 Rf5 33. Rb8 Nxf6 34. Rxg8+ Kxg8 35. Qxb6 h5 36. Re1 Bc4 37. Re5 Rf3 38. Kg2 1-0


[Site "https://www.chess.com"]

[Event "Titled Tuesday Blitz June 07 Late 2022"]
[White "Zhigalko, Sergei"]
[Black "Maltsevskaya, Aleksandra"]
[WhiteFideId "13502956"]
[BlackFideId "24174041"]
[WhiteElo "2662"]
[BlackElo "2243"]
[Result "1-0"]
[Round "09"]
[TimeControl "180+1"]
[Date "2022.06.07"]
[WhiteClock "0:00:31"]
[BlackClock "0:00:01"]

1. e4 c5 2. Nf3 e6 3. c3 d5 4. e5 d4 5. Bd3 Nc6 6. O-O Nge7 7. Re1 Ng6 8. g3 Bd7 9. h4 Qc7 10. Qe2 O-O-O 11. Na3 a6 12. h5 Nge7 13. Nc4 Nd5 14. a4 g6 15. Be4 f5 16. exf6 Nxf6 17. d3 Nxh5 18. Ng5 Be7 19. Nf7 Rhf8 20. Nxd8 Bxd8 21. Bg2 e5 22. Bh6 Re8 23. Qf3 Nf6 24. Qd1 Bg4 25. Qb3 Be6 26. a5 e4 27. Bf4 Bxc4 28. Qxc4 Qd7 29. dxe4 Bc7 30. Bxc7 Qxc7 31. Qxc5 Nd7 32. Qd5 Nf6 33. Qc4 Kb8 34. cxd4 Ng4 35. Re2 Qe7 36. e5 Nd8 37. Rae1 1-0


[Site "https://www.chess.com"]

[Event "Titled Tuesday Blitz June 07 Late 2022"]
[White "Andreikin, Dmitry"]
[Black "Livaic, Leon"]
[WhiteFideId "4158814"]
[BlackFideId "14531534"]
[WhiteElo "2736"]
[BlackElo "2540"]
[Result "0-1"]
[Round "10"]
[TimeControl "180+1"]
[Date "2022.06.07"]
[WhiteClock "0:01:20"]
[BlackClock "0:02:01"]

1. d4 e6 2. e4 d5 3. Nc3 Bb4 4. exd5 exd5 5. Bd3 Nc6 6. a3 Bxc3+ 7. bxc3 Nge7 8. Qh5 Be6 9. Ne2 Qd7 10. Ng3 O-O-O 11. O-O g6 12. Qh6 Nf5 13. Nxf5 Bxf5 14. Bg5 Rde8 15. Bf6 Rhf8 16. Rae1 Bxd3 17. cxd3 Qf5 18. Bg7 Rg8 19. Qxh7 Qxd3 20. Bh6 Qxc3 21. Qxf7 Qxe1 22. Qxd5 Qe6 23. Qc5 Qd6 24. Qc4 g5 0-1


[Site "https://www.chess.com"]

[Event "Titled Tuesday Blitz June 07 Late 2022"]
[White "Araujo Sanchez, Josue"]
[Black "Licznerski, Lukasz"]
[WhiteFideId "6416896"]
[BlackFideId "1179250"]
[WhiteElo "2339"]
[BlackElo "2387"]
[Result "1-0"]
[Round "10"]
[TimeControl "180+1"]
[Date "2022.06.07"]
[WhiteClock "0:01:00"]
[BlackClock "0:00:06"]

1. c4 Nf6 2. Nc3 e5 3. e3 Bb4 4. Qb3 Bxc3 5. bxc3 d6 6. Ne2 b6 7. d4 Nbd7 8. Ng3 O-O 9. Bd3 Re8 10. O-O e4 11. Be2 Qe7 12. a4 a5 13. f3 Nf8 14. fxe4 Bb7 15. e5 dxe5 16. Ba3 Qd8 17. d5 e4 18. Rf2 N8d7 19. Raf1 Ne5 20. Rxf6 gxf6 21. Nh5 Nd7 22. Bg4 Re5 23. Qd1 Kh8 24. Bxd7 Qxd7 25. Nxf6 Qc8 26. Qe1 Rf5 27. Be7 Ba6 28. g4 Rxf1+ 29. Qxf1 h6 30. Qf4 Kg7 31. Nh5+ Kg8 32. Nf6+ Kg7 33. Qxe4 Qh8 34. Qd4 Kg6 35. h4 h5 36. gxh5+ Kg7 37. Qg4+ Kh6 38. Qg5# 1-0


[Site "https://www.chess.com"]